 Dungeon Crawl Stone Soup version 0.29-a0-620-g13ace881f2 (webtiles) character file.

Game seed: 16355785339048648420

33628 Tonnatak the Spear-Bearer (level 13, -18/114 HPs)
             Began as a Red Draconian Berserker on June 18, 2022.
             Was a High Priest of Trog.
             Demolished by a hell beast (19 damage)
             ... summoned by Geryon
             ... in the Vestibule of Hell.
             The game lasted 00:33:02 (14802 turns).

Tonnatak the Spear-Bearer (DrBe)                   Turns: 14802, Time: 00:33:03

Health: -18/114    AC: 16    Str: 23    XL:     13   Next: 37%
Magic:  13/13      EV: 19    Int:  8    God:    Trog [*****.]
Gold:   1272       SH: 23    Dex: 24    Spells: 12/12 levels left

rFire   + . .      SeeInvis .   o - +7 demon trident "Worm's Wrath" {elec, Contam Will+ rCorr}
rCold   + + .      Faith    .   l - +5 kite shield "Jiusag" {rElec Dex+6}
rNeg    . . .      Spirit   .   (body armour unavailable)
rPois   .          Reflect  +   I - +2 hat
rElec   +          Harm     +   n - +2 cloak
rCorr   +          Rampage  .   d - +2 pair of gloves
Will    +....                   (no boots)
Stlth   ++++......              c - amulet "Lotauha" {Reflect Harm rC+ Slay+2 SH+5}
HPRegen 0.29/turn               k - ring of protection from cold
MPRegen 0.13/turn               D - +6 ring of dexterity

@: doom-hounded, on berserk cooldown, slowed, very slow
A: breathe fire, AC +8, unfitting armour, fire resistance 1, cold-blooded
a: Breathe Fire, Renounce Religion, Berserk, Trog's Hand, Brothers in Arms


You were in the Vestibule of Hell.
You worshipped Trog.
Trog was extremely pleased with you.
You visited 3 branches of the dungeon, and saw 16 of its levels.
You also visited: Ossuary and Bailey.

You collected 1272 gold pieces.

Inventory:

Hand Weapons
 e - the +7 mace "Gyusch" {drain, rN+ Str+3 Stlth-}
   (You found it in a bailey)

   A truly terrible weapon, it drains the life of any living foe it strikes.
   Str:       It affects your strength (+3).
   rN:        It protects you from negative energy.
   Stlth:     It makes you less stealthy.
 f - a +4 trident of chaos
 o - the +7 demon trident "Worm's Wrath" (weapon) {elec, Contam Will+ rCorr}
   (You acquired it on level 15 of the Dungeon)

   It occasionally discharges a powerful burst of electricity upon striking a
   foe.
   Contam:    It causes magical contamination when unequipped.
   rCorr:     It protects you from acid and corrosion.
   Will:      It increases your willpower.
Armour
 d - a +2 pair of gloves (worn)
 l - the +5 kite shield "Jiusag" (worn) {rElec Dex+6}
   (You found it on level 15 of the Dungeon)

   Dex:       It affects your dexterity (+6).
   rElec:     It insulates you from electricity.
 n - a +2 cloak (worn)
 I - a +2 hat (worn)
Jewellery
 c - the amulet "Lotauha" (around neck) {Reflect Harm rC+ Slay+2 SH+5}
   (You acquired it on level 2 of the Dungeon)

   [amulet of reflection]

   It reflects blocked missile attacks.
   Slay:      It affects your accuracy & damage with ranged weapons and melee
   (+2).
   rC:        It protects you from cold.
   SH:        It affects your SH (+5).
   Harm:      It increases damage dealt and taken.
 i - a ring of flight
 k - a ring of protection from cold (left hand)
 y - the amulet of the Gastropod {RegenMP Regen+}
   (You found it on level 9 of the Dungeon)

   [amulet of magic regeneration]

   It increases your rate of magic regeneration.
   Regen:     It increases your rate of health regeneration.
 D - a +6 ring of dexterity (right hand)
Wands
 b - a wand of flame (9)
 j - a wand of paralysis (7)
 r - a wand of iceblast (3)
 w - a wand of polymorph (16)
 A - a wand of mindburst (11)
 E - a wand of acid (6)
Scrolls
 a - a scroll of silence
 g - 6 scrolls of teleportation
 m - a scroll of summoning
 s - a scroll of identify
 B - a scroll of fear
Potions
 h - 5 potions of curing
 p - 2 potions of invisibility
 q - 5 potions of attraction
 t - 7 potions of magic
 v - 3 potions of flight
 z - a potion of heal wounds
 C - a potion of cancellation
 F - 2 potions of ambrosia
 H - 2 potions of lignification


   Skills:
 + Level 10.4 Fighting
 + Level 9.3 Maces & Flails
 + Level 12.8 Polearms
 + Level 10.3 Dodging
 + Level 5.8 Stealth
 + Level 8.6 Shields
 + Level 0.7 Evocations


You had 12 spell levels left.
You didn't know any spells.
Your spell library was empty.

Dungeon Overview and Level Annotations

Branches:
Dungeon (15/15)              Lair (0/6) D:10            Orc (0/2) D:9
 Depths (2/4) D:15           Hell (1/1)             Ossuary (visited)
 Bailey (visited)
 Temple: D:4-7       Vaults: D:13-14        Dis: Hell:1         Geh: Hell:1
    Coc: Hell:1         Tar: Hell:1

Altars:
Ashenzari
Fedhas
Gozag
Kikubaaqudgha
Nemelex Xobeh
Uskayaw
Vehumet

Shops:
D:8 [   D:9 [

Portals:
Hell: Depths:2

Annotations:
Hell Geryon


Innate Abilities, Weirdness & Mutations

You can breathe blasts of fire.
Your fiery red scales are hard. (AC +8)
You cannot fit into any form of body armour.
Your flesh is heat resistant. (rF+)
You are cold-blooded and may be slowed by cold attacks.


Message History

You impale the hell beast!!
You kill the hell beast!
The hell beast disappears in a puff of smoke!
You block the hell hound's attack.
The doom hound unleashes a terrible howl, and it begins to echo in your mind!
Geryon winds a great silver horn.
The reaper barely misses you.
The hell hound attacks as you move away!
The hell hound closely misses you. You block the hell beast's attack.
The hell beast tramples you but does no damage.
You block the hell hound's attack.
A sun demon comes into view.
You block the hell beast's attack. The hell beast closely misses you.
You impale Geryon!! You tail-slap Geryon!
Geryon is lightly wounded.
You block the hell hound's attack. The hell beast completely misses you.
The hell beast tramples you!
You stumble backwards!
You block the hell hound's attack. Geryon tail-slaps you!
You hear a grinding noise.
The hell hound attacks as you move away!
The hell hound completely misses you. The hell beast bites you!
* * * LOW HITPOINT WARNING * * *
You block the hell beast's attack. You block the reaper's attack.
A five-headed hydra zombie and an alligator zombie come into view.
You feel a strong urge to attack something.
You are no longer berserk.
You are exhausted.
You feel yourself slow down.
There is a gateway back to the Dungeon here.
You feel much better.
The hell beast croaks, "Relinquish hope, thou tasty snacklet!"
The hell beast bites you! You block the hell beast's attack.
The hell beast bites you but does no damage.
You block the hell beast's attack.
The reaper hits you from afar with a +0 scythe of protection!!
* * * LOW HITPOINT WARNING * * *
You block the hell beast's attack.
The hell beast tramples you but does no damage.
The hell beast bites you!
You die...

#.....## .#.#.#.
###.....### #
#.........# #
##.#...#.#...#.##
##.#.....h....Z#.#
......#.2h..#2..Z.
#...&h2..3..#
ยง.....#.h2@.#....
##.#...........#.
##.#...#.#...#.# #
#.........#
###.....###
.#.#.#. ##.....##
##. .##


You could see Geryon, a doom hound, 2 hell beasts, 2 reapers, a sun demon, 3
hell hounds, an alligator zombie and a five-headed hydra zombie.

Vanquished Creatures
  The ghost of Nebesus the Scorcher, a journeyman NaFE of Hepliaklqana (D:15)
  A caustic shrike skeleton (Depths:2)
  A stone giant (D:15)
  An ettin (Depths:1)
  A fire dragon (Depths:1)
  2 hydras (D:15)
  An ice dragon (Depths:1)
  A boulder beetle (D:15)
  A rakshasa (Depths:1)
  3 centaur warriors
  3 tengu warriors (D:15)
  A vampire mage (Depths:1)
  2 sun demons (Hell)
  Pikel (D:9)
  A necromancer (Depths:2)
  2 orc knights
  2 deep elf pyromancers
  9 ugly things
  2 cyclopes
  A fire giant zombie (Depths:2)
  A manticore (D:10)
  Maurice (D:9)
  Maggie (D:8)
  A demonic crawler (Hell)
  Psyche (D:8)
  A freezing wraith (D:15)
  A spriggan skeleton (Depths:2)
  4 trolls
  Prince Ribbit (D:9)
  A hornet (D:8)
  2 shadows (D:9)
  3 wyverns
  16 yaks
  A spriggan (D:10)
  A wraith (D:10)
  3 water elementals (Depths:1)
  A hog (shapeshifter) (D:14)
  Grum (D:9)
  A steam dragon (D:8)
  A swamp worm (D:9)
  2 two-headed ogre zombies (D:9)
  A water moccasin (D:7)
  A meliai simulacrum (D:15)
  Duvessa (D:6)
  2 ice beasts
  A black bear (D:5)
  9 orc warriors
  3 wolves (D:9)
  2 ogres
  10 centaurs
  4 lemures (D:9)
  3 phantoms
  3 bullfrogs
  An elf zombie (Ossuary)
  2 kobold brigands
  2 necrophages (D:7)
  2 scorpions (D:5)
  12 wights
  A hornet simulacrum (D:15)
  Dowan (D:6)
  A troll zombie (D:9)
  19 killer bees
  5 electric eels (D:10)
  3 hounds
  A jelly (D:4)
  8 orc priests
  A gnoll shaman (D:4)
  Ijyb (D:4)
  4 iguanas (D:6)
  6 orc wizards
  5 ogre zombies (D:9)
  2 mummies (Ossuary)
  3 gnolls (D:4)
  7 adders
  2 shadow imps (D:6)
  A white imp (D:4)
  3 ufetubi (D:5)
  A worm (D:4)
  6 dart slugs
  37 orcs
  7 bats
  5 endoplasms
  4 giant cockroaches
  2 gnoll zombies (Ossuary)
  10 goblins
  A hobgoblin (D:4)
  9 jackals
  4 quokkas
  3 ball pythons (D:1)
  8 frilled lizards
  A goblin skeleton (D:9)
  9 goblin zombies
  5 hobgoblin zombies
  14 kobolds
  3 orc skeletons (D:9)
  18 orc zombies
  4 rats
366 creatures vanquished.

Vanquished Creatures (collateral kills)
  A hydra (D:15)
  Menkaure (D:5)
2 creatures vanquished.

Vanquished Creatures (others)
  3 plants
3 creatures vanquished.

Grand Total: 371 creatures vanquished

Notes
Turn   | Place    | Note
-------+----------+-------------------------------------------
     0 | D:1      | Tonnatak the Draconian Berserker began the quest for the
                  | Orb.
     0 | D:1      | Reached XP level 1. HP: 19/19 MP: 1/1
    61 | D:1      | Reached XP level 2. HP: 7/26 MP: 2/2
   845 | D:1      | Reached XP level 3. HP: 33/33 MP: 3/3
  1421 | D:2      | Identified a scroll of acquirement
  1421 | D:2      | Acquired the amulet "Lotauha" {Reflect Harm rC+ Slay+2
                  | SH+5}
  1439 | D:2      | Found a sparkling altar of Nemelex Xobeh.
  1443 | D:2      | Reached ** piety under Trog
  1882 | D:3      | Found a faded altar of an unknown god.
  1984 | D:3      | Reached XP level 4. HP: 39/40 MP: 4/4
  2052 | D:3      | Reached skill level 4 in Polearms
  2052 | D:3      | Reached skill level 1 in Stealth
  2599 | D:4      | Found a broken altar of Ashenzari.
  2660 | D:4      | Reached XP level 5. HP: 46/46 MP: 5/5
  2666 | D:4      | Reached skill level 1 in Shields
  2801 | D:4      | Reached *** piety under Trog
  2844 | D:4      | Noticed Ijyb
  2848 | D:4      | Killed Ijyb
  3018 | D:4      | Noticed an ogre
  3022 | D:4      | Killed an ogre
  3023 | D:4      | Reached skill level 5 in Polearms
  3023 | D:4      | Reached XP level 6. HP: 45/52 MP: 6/6
  3309 | D:5      | Entered Level 5 of the Dungeon
  3359 | D:5      | Noticed Menkaure
  3364 | D:5      | Killed Menkaure
  3409 | D:5      | Your scales start taking on a fiery red colour.
  3409 | D:5      | Reached XP level 7. HP: 59/59 MP: 7/7
  3409 | D:5      | Gained mutation: Your flesh is heat resistant. (rF+) [Red
                  | Draconian growth]
  3436 | D:5      | Reached skill level 6 in Polearms
  3920 | D:5      | Reached skill level 7 in Polearms
  3920 | D:5      | Reached XP level 8. HP: 63/67 MP: 8/8
  3955 | D:5      | Reached skill level 5 in Dodging
  4106 | D:6      | Found a blossoming altar of Fedhas.
  4127 | D:6      | Reached skill level 5 in Fighting
  4179 | D:6      | Reached **** piety under Trog
  4374 | D:6      | Noticed Dowan
  4375 | D:6      | Noticed Duvessa
  4378 | D:6      | Killed Dowan
  4379 | D:6      | Reached skill level 8 in Polearms
  4385 | D:6      | Killed Duvessa
  4393 | D:6      | Found a sand-covered staircase.
  4397 | Ossuary  | Entered an ossuary
  4703 | D:6      | Found an opulent altar of Gozag.
  5082 | D:7      | Reached XP level 9. HP: 49/75 MP: 9/9
  5136 | D:7      | Reached skill level 9 in Polearms
  5450 | D:7      | Found a flagged portal.
  5468 | Bailey   | Entered a bailey
  5529 | Bailey   | Found a large runed translucent door.
  5529 | Bailey   | Found a large runed translucent door.
  5530 | Bailey   | Noticed an orc knight
  5530 | Bailey   | Noticed a deep elf pyromancer
  5542 | Bailey   | Killed an orc knight
  5543 | Bailey   | Reached skill level 10 in Polearms
  5565 | Bailey   | Killed a deep elf pyromancer
  5573 | Bailey   | Identified the +7 mace "Gyusch" {drain, rN+ Str+3 Stlth-}
  5580 | Bailey   | Identified the +1 ring mail of Gallantry {rPois Str-4 Dex-3
                  | Slay+6}
  5929 | D:7      | Found a radiant altar of Vehumet.
  6031 | D:7      | Reached XP level 10. HP: 67/84 MP: 10/10
  6037 | D:7      | Reached ***** piety under Trog
  6255 | D:7      | Found a hide-covered altar of Uskayaw.
  6364 | D:7      | Reached skill level 1 in Maces & Flails
  6811 | D:8      | Noticed Maggie
  6818 | D:8      | Killed Maggie
  6918 | D:8      | Noticed Psyche
  6924 | D:8      | Killed Psyche
  7152 | D:8      | Found an ancient bone altar of Kikubaaqudgha.
  7176 | D:8      | Found Deb Anty's Armour Boutique.
  8096 | D:9      | Noticed Pikel
  8107 | D:9      | Killed Pikel
  8108 | D:9      | Reached skill level 5 in Maces & Flails
  8115 | D:9      | Found a staircase to the Orcish Mines.
  8775 | D:9      | Reached XP level 11. HP: 50/94 MP: 11/11
  9303 | D:9      | Noticed Maurice
  9317 | D:9      | Killed Maurice
  9331 | D:9      | Identified the amulet of the Gastropod {RegenMP Regen+}
  9377 | D:9      | Noticed Prince Ribbit
  9390 | D:9      | Killed Prince Ribbit
  9842 | D:9      | Reached skill level 5 in Shields
 10158 | D:9      | Noticed Grum
 10170 | D:9      | Killed Grum
 10365 | D:9      | Found Zodizei's Antique Armour Boutique.
 10459 | D:10     | Entered Level 10 of the Dungeon
 10459 | D:10     | Found a staircase to the Lair.
 11999 | D:11     | You fall into a shaft and drop 3 floors!
 12000 | D:14     | Noticed a deep elf pyromancer
 12003 | D:14     | Killed a deep elf pyromancer
 12007 | D:14     | Noticed a centaur warrior
 12019 | D:14     | Killed a centaur warrior
 12040 | D:14     | Noticed a white ugly thing
 12040 | D:14     | Noticed a tengu warrior
 12041 | D:14     | Noticed a white ugly thing
 12041 | D:14     | Noticed a rakshasa
 12041 | D:14     | Noticed a white ugly thing
 12042 | D:14     | Noticed a white ugly thing
 12119 | D:15     | Entered Level 15 of the Dungeon
 12469 | D:15     | Acquired the +7 demon trident "Worm's Wrath" {elec, Contam
                  | Will+ rCorr}
 12526 | D:15     | Noticed a centaur warrior
 12535 | D:15     | Killed a centaur warrior
 12536 | D:15     | Reached XP level 12. HP: 78/103 MP: 12/12
 12563 | D:15     | Noticed a centaur warrior
 12569 | D:15     | Killed a centaur warrior
 12744 | D:15     | Identified the +5 kite shield "Jiusag" {rElec Dex+6}
 12752 | D:15     | Noticed a five-headed hydra
 12765 | D:15     | Killed a five-headed hydra
 12766 | D:15     | Reached skill level 11 in Polearms
 12920 | D:15     | Received a gift from Trog
 12943 | D:15     | Found an opulent altar of Gozag.
 12968 | D:15     | Noticed a tengu warrior
 12981 | D:15     | Killed a tengu warrior
 12982 | D:15     | Reached skill level 5 in Stealth
 12984 | D:15     | Found a runed translucent gate.
 12984 | D:15     | Found a runed translucent gate.
 12984 | D:15     | Found a runed translucent gate.
 12987 | D:15     | Noticed Nebesus's ghost (journeyman NaFE)
 12988 | D:15     | Noticed an 11-headed hydra
 12989 | D:15     | Noticed a ten-headed hydra
 13126 | D:15     | Killed an 11-headed hydra
 13126 | D:15     | Killed a ten-headed hydra
 13138 | D:15     | Killed Nebesus's ghost
 13142 | D:15     | Identified the +7 long sword "Seofab" {elec, rC++ Will+
                  | Str-2}
 13258 | D:15     | Noticed a boulder beetle
 13268 | D:15     | Killed a boulder beetle
 13609 | D:15     | Noticed a tengu warrior
 13609 | D:15     | Noticed a tengu warrior
 13617 | D:15     | Killed a tengu warrior
 13620 | D:15     | Killed a tengu warrior
 13621 | D:15     | Reached skill level 12 in Polearms
 13642 | D:15     | Found a staircase to the Depths.
 13642 | D:15     | Noticed a stone giant
 13647 | D:15     | Killed a stone giant
 13690 | Depths:1 | Entered Level 1 of the Depths
 13703 | Depths:1 | Noticed a vampire mage
 13722 | Depths:1 | Killed a vampire mage
 13723 | Depths:1 | Reached skill level 10 in Fighting
 13785 | Depths:1 | Noticed a fire dragon
 13975 | Depths:1 | Killed a fire dragon
 13976 | Depths:1 | Reached XP level 13. HP: 44/113 MP: 13/13
 14279 | Depths:1 | Identified the +2 ring mail of Morality {Int+3}
 14293 | Depths:1 | Noticed an ettin
 14299 | Depths:1 | Killed an ettin
 14456 | Depths:1 | Reached skill level 10 in Dodging
 14523 | Depths:1 | You fall into a shaft and drop 1 floor!
 14774 | Depths:2 | Found a gateway to Hell.
 14779 | Hell     | Entered the Vestibule of Hell
 14779 | Hell     | Noticed Geryon
 14784 | Hell     | Noticed a reaper
 14796 | Hell     | Noticed a doom hound
 14802 | Hell     | HP: 1/114 [reaper/+0 scythe of protection (38)]
 14802 | Hell     | Demolished by a hell beast

Illustrated notes

Levels and vault maps discovered:
D:1:      dpeg_arrival_shelter, layout_basic, minmay_ruptured
D:2:      layout_rooms, basic_altar
D:3:      layout_basic, ebering_ecumenical_altar_abandoned, st_stairs_6
D:4:      layout_loops_ring, cheibrodos_ashenzari_chains,
          minmay_temple_entry_from_below_a, uniq_ijyb
D:5:      layout_rooms, uniq_menkaure
D:6:      layout_loops_ring, overflow_temple_1_default, fedhas_altar_3,
          enter_ossuary_5, uniq_duvessa
D:7:      layout_cave_pools, mainiacjoe_overflow_24_doors, vehumet_crystals,
          enter_bailey_3, chequers_serial_rivers_large_b
D:8:      layout_basic, mainiacjoe_overflow_small_starburst, serial_shops,
          nicolae_shop_hallway_plus, uniq_psyche, uniq_maggie
D:9:      layout_layer_cave, zombieorc2_lemuel, serial_shops, shop,
          worms_lemuel, uniq_grum, uniq_pikel, uniq_maurice, uniq_prince_ribbit1
D:10:     layout_big_octagon, the_hattery
D:11:     layout_long_grid, minmay_misc_feat_cross
D:14:     layout_long_grid, grunt_vaults_entry_tiered, serial_shops,
          nicolae_shop_trees, nicolae_dithmenos_through_a_glass_darkly
D:15:     grunt_enter_depths_snipers, layout_long_grid, serial_co_window_serial,
          co_window_paths_a, co_window_corner_a, co_window_paths_b,
          co_window_corner_a, co_window_paths_a, co_window_of_opportunity_a,
          co_window_of_opportunity_a, co_window_broadway_b,
          co_window_of_opportunity_b, co_window_corner_cb, co_window_paths_c,
          co_window_of_opportunity_b, co_window_4corner_a, glass_columns_a,
          glass_columns_b, glass_columns_c, glass_columns_a,
          gammafunk_ghost_hydra_chop, chequers_jeans, grunt_gozag_breadcrumbs
Depths:1: layout_cave_pools, enter_ziggurat_d, solitary_fountain,
          pf_hell_entry_tar_spiral, nicolae_figureground_pulse
Depths:2: minmay_roctagon, layout_cave_pools, grunt_pan_entry_spiral,
          hangedman_decor_slide_cut, nicolae_abyss_entry_one_way_or_another,
          hell_entry, serial_bayou_shore_b, minmay_staircase_windowed_small,
          serial_bayou_shore_b, serial_bayou_shore_b
Hell

Skill      XL: |  1  2  3  4  5  6  7  8  9 10 11 12 13 |
---------------+----------------------------------------+-----
Dodging        | 3 4 5 6 7 9 10 | 10.3
Polearms       | 4 5 7 8 10 12 | 12.8
Stealth        | 1 2 3 4 5 |  5.8
Fighting       | 4 5 6 7 8 10 | 10.4
Shields        | 1 2 3 4 6 7 8 |  8.6
Maces & Flails | 5 8 9 |  9.3
Evocations     | |  0.7

Action                   |  1- 3 |  4- 6 |  7- 9 | 10-12 | 13-15 || total
-------------------------+-------+-------+-------+-------+-------++-------
Melee: Spear             |    82 |       |       |       |       ||    82
       Tailslap          |    10 |     3 |    24 |    66 |    15 ||   118
       Punch             |     1 |     1 |     7 |     8 |       ||    17
       Trident           |    61 |    65 |   250 |       |       ||   376
       Mace              |       |       |    29 |   341 |       ||   370
       Demon trident     |       |       |       |   126 |    78 ||   204
Invok: Berserk           |     1 |       |     2 |     9 |     1 ||    13
 Abil: Breathe Fire      |       |       |     3 |    17 |     3 ||    23
Evoke: Wand              |       |     1 |       |     1 |     4 ||     6
  Use: Scroll            |    11 |    10 |     9 |    11 |       ||    41
       Potion            |       |     1 |     7 |     7 |     1 ||    16
 Stab: Sleeping          |     5 |     2 |     2 |     3 |       ||    12
       Distracted        |     1 |       |     2 |     3 |       ||     6
Armor: Skin              |    42 |    28 |    90 |   175 |     9 ||   344
Dodge: Dodged            |    85 |    24 |   187 |   419 |    24 ||   739
Block: Other             |    15 |    12 |    51 |   124 |       ||   202
       Reflection        |       |       |       |    21 |       ||    21
       Kite shield       |       |       |       |    81 |    71 ||   152

Table legend: (Time is in decaauts)
 A = Elapsed time spent in this place.
 B = Non-inter-level travel time spent in this place.
 C = Inter-level travel time spent in this place.
 D = Time resting spent in this place.
 E = Time spent auto-exploring this place.
 F = Levels seen in this place.
 G = Mean time per level.
                   A        B        C        D        E       F      G
               +--------+--------+--------+--------+--------+-----+--------+
         Total |  14874 |  13976 |    898 |   3670 |   8098 |  18 |  826.3 |
       Dungeon |  13282 |  12484 |    798 |   2762 |   7872 |  13 | 1021.7 |
        Depths |   1077 |    977 |    100 |    839 |      3 |   2 |  538.5 |
          Hell |     14 |     14 |      0 |      0 |      0 |   1 |   14.0 |
       Ossuary |    250 |    250 |      0 |     68 |     95 |   1 |  250.0 |
        Bailey |    249 |    249 |      0 |      0 |    127 |   1 |  249.0 |
               +--------+--------+--------+--------+--------+-----+--------+

Top non-repeatable levels by time:
     D:9: 2515 daAuts
    D:15: 1560 daAuts
    D:10: 1548 daAuts
     D:7: 1509 daAuts
     D:1: 1262 daAuts
     D:8: 1181 daAuts
Depths:1: 826 daAuts
     D:5: 770 daAuts
     D:6: 740 daAuts
     D:3: 721 daAuts
     D:4: 714 daAuts
     D:2: 621 daAuts
Depths:2: 251 daAuts
 Ossuary: 250 daAuts
  Bailey: 249 daAuts
